 Dungeon Crawl Stone Soup version 0.20.0-15-g7f486f2 (webtiles) character file.

615 Monsterracer the Cleaver (level 7, -1/57 HPs)
             Began as a Minotaur Arcane Marksman on June 11, 2017.
             Slain by a wyvern (9 damage)
             ... on level 5 of the Dungeon.
             The game lasted 00:08:05 (4464 turns).

Monsterracer the Cleaver (Minotaur Arcane Marksman) Turns: 4464, Time: 00:08:05

Health: -1/57      AC:  8    Str: 16    XL:     7   Next: 21%
Magic:  7/7        EV: 13    Int:  8    God:
Gold:   169        SH:  0    Dex: 13    Spells: 8/8 levels left

rFire    . . .     SeeInvis .   l - +0 hand axe
rCold    . . .     Gourm    .   (no shield)
rNeg     . . .     Faith    +   v - +0 scale mail
rPois    +         Spirit   .   (helmet restricted)
rElec    .         Reflect  .   (no cloak)
rCorr    .         Harm     .   n - +1 pair of gloves
MR       .....                  (no boots)
Stlth    ..........             i - amulet of faith
Regen    0.2/turn               s - +3 ring of evasion
MPRegen  0.1/turn               (no ring)

@: no status effects
A: retaliatory headbutt, horns 2, agile 1, dopey 1, poison resistance
a: no special abilities


You were on level 5 of the Dungeon.
You were not hungry.

You visited 1 branch of the dungeon, and saw 5 of its levels.

You collected 169 gold pieces.

Inventory:

Hand Weapons
 a - a +0 whip of venom
 l - a +0 hand axe (weapon)
Missiles
 d - 2 throwing nets (quivered)
Armour
 c - a +0 chain mail
 n - a +1 pair of gloves (worn)
 v - a +0 scale mail (worn)
Jewellery
 i - an amulet of faith (around neck)
 s - a +3 ring of evasion (left hand)
Wands
 b - a wand of lightning (6/15)
 e - a wand of acid (10/15)
Scrolls
 g - 2 scrolls of magic mapping
 h - 2 scrolls of identify
 j - 4 scrolls of recharging
 k - 2 scrolls of remove curse
 m - a scroll of amnesia
 r - a scroll of teleportation
Potions
 o - a potion of curing
 p - 2 potions of haste
Comestibles
 f - 3 bread rations
 q - 2 meat rations
 t - 2 royal jellies


   Skills:
 - Level 3.0 Fighting
 + Level 8.8 Axes
 - Level 2.0 Throwing
 - Level 2.1 Dodging
 - Level 1.0 Spellcasting
   Level 2.0 Hexes


You had 8 spell levels left.
You didn't know any spells.

Dungeon Overview and Level Annotations

Branches:
Dungeon (5/15)
 Temple: D:4-7

Altars:
Dithmenos
Ru

Annotations:
D:5 1 runed door, Menkaure


Innate Abilities, Weirdness & Mutations

You reflexively headbutt those who attack you in melee.
You have a pair of horns on your head.
You are agile. (Dex +2)
You are dopey. (Int -2)
Your system is resistant to poisons. (rPois)


Message History

You feel better. The wyvern closely misses you. The wyvern bites you.
* * * LOW HITPOINT WARNING * * *
Unknown command.
The wyvern barely misses you. The wyvern closely misses you.
Okay, then.
The wyvern barely misses you. You furiously retaliate!
You headbutt the wyvern! The wyvern bites you.
* * * LOW HITPOINT WARNING * * *
Menkaure calls on the powers of darkness!
The orc convulses!
The wyvern convulses!
Your body is wracked with pain!
* * * LOW HITPOINT WARNING * * *
You feel better. The wyvern barely misses you. You furiously retaliate!
You headbutt the wyvern.
Menkaure calls on the powers of darkness!
Your body is wracked with pain!
* * * LOW HITPOINT WARNING * * *
The wyvern bites you!
You die...

#.. ...<..# ♣.PP.♣ .. .......##
##..## ## #. .# #..†.# #....# .
.#.# #o..###....####
.######.###..######..#.>......#
#.......#...##.............####
..#######..ZoM.#####.......#
..........###########....###
..>.......M..oZl@..#.....#
.#...#....########...#..##
.###...#### ##.....# ###....#
#####..##.# #
#.##.########..<...##.#
###.##..........####^##.#
....##../##########..##.#
###........#######.(###.#
###.######..!........##.#


You could see a wyvern, Menkaure, an orc and a bullfrog zombie.

Vanquished Creatures
  Sigmund (D:3)
  2 hounds
  An orc priest (D:3)
  3 orc wizards
  Ijyb (D:3)
  3 worker ants
  A hound skeleton (D:5)
  3 adders
  An ooze (D:3)
  A worm (D:2)
  2 dart slugs (D:2)
  7 leopard geckos
  20 orcs
  2 ball pythons
  3 giant cockroaches
  7 goblins
  10 hobgoblins
  10 jackals
  10 kobolds
  A quokka (D:3)
  6 bats
  8 frilled lizards
  A jackal skeleton (D:4)
  A quokka skeleton (D:4)
  11 rats
116 creatures vanquished.

Notes
Turn   | Place    | Note
-------+----------+-------------------------------------------
     0 | D:1      | Monsterracer the Minotaur Arcane Marksman began the quest for the Orb.
     0 | D:1      | Reached XP level 1. HP: 16/16 MP: 1/1
   409 | D:1      | Reached XP level 2. HP: 25/25 MP: 2/2
   654 | D:1      | Reached skill level 1 in Axes
   965 | D:1      | Reached XP level 3. HP: 29/31 MP: 3/3
  1176 | D:2      | Found a shadowy altar of Dithmenos.
  1239 | D:2      | Reached skill level 2 in Axes
  1466 | D:2      | Found a sacrificial altar of Ru.
  1485 | D:2      | Reached skill level 3 in Axes
  1616 | D:2      | Reached XP level 4. HP: 37/38 MP: 4/4
  1947 | D:2      | Reached skill level 4 in Axes
  2168 | D:3      | Noticed Ijyb
  2185 | D:3      | Killed Ijyb
  2189 | D:3      | Reached XP level 5. HP: 43/45 MP: 5/5
  2277 | D:3      | Noticed Sigmund
  2280 | D:3      | Reached skill level 5 in Axes
  2515 | D:3      | Killed Sigmund
  2515 | D:3      | Reached skill level 6 in Axes
  2515 | D:3      | Reached XP level 6. HP: 38/51 MP: 6/6
  2647 | D:3      | Reached skill level 7 in Axes
  3763 | D:4      | Gained mutation: You are agile. (Dex +2) [potion of mutation]
  3763 | D:4      | Gained mutation: You are dopey. (Int -2) [potion of mutation]
  3763 | D:4      | Gained mutation: Your system is resistant to poisons. (rPois) [potion of mutation]
  3766 | D:4      | Reached skill level 8 in Axes
  4067 | D:4      | Reached XP level 7. HP: 57/57 MP: 7/7
  4290 | D:5      | Entered Level 5 of the Dungeon
  4422 | D:5      | Found a runed door.
  4437 | D:5      | Noticed Menkaure
  4442 | D:5      | Noticed a wyvern
  4464 | D:5      | Slain by a wyvern

Skill      XL: |  1  2  3  4  5  6 |
---------------+-------------------+-----
Fighting       | 2 3 |  3.0
Axes           | 1 3 4 6 8 |  8.8
Throwing       | |  2.0
Dodging        | |  2.1
Spellcasting   | |  1.0
Hexes          | |  2.0

Action                   |  1- 3 |  4- 6 |  7- 9 || total
-------------------------+-------+-------+-------++-------
Melee: Unarmed           |    27 |       |       ||    27
       Headbutt          |     9 |    26 |     6 ||    41
       Hand axe          |    51 |   209 |    27 ||   287
       Club              |     8 |       |       ||     8
Throw: Javelin           |     5 |       |       ||     5
       Throwing net      |       |     1 |       ||     1
  Use: Potion            |     7 |     2 |     2 ||    11
       Scroll            |       |     6 |     4 ||    10
 Stab: Held in net/web   |       |     2 |       ||     2
  Eat: Chunk             |     2 |     8 |     1 ||    11
Armor: Robe              |    10 |       |       ||    10
       Skin              |    10 |       |       ||    10
       Ring mail         |     5 |    35 |       ||    40
       Scale mail        |       |    18 |    24 ||    42
       Chain mail        |       |    12 |       ||    12
Dodge: Dodged            |    61 |    97 |    24 ||   182
